[Event "Titled Tuesday Blitz October 31 Early 2023"]
[White "Csonka, Balazs"]
[Black "Bharath Subramaniyam H"]
[WhiteFideId "742910"]
[BlackFideId "46634827"]
[WhiteElo "2735"]
[BlackElo "2899"]
[Result "0-1"]
[Round "9"]
[TimeControl "180+1"]
[Date "2023.10.31"]
[WhiteClock "0:00:11"]
[BlackClock "0:01:50"]
[Board "20"]

1. d4 d5 2. c4 c6 3. Nf3 Nf6 4. Nc3 dxc4 5. a4 Bf5 6. Ne5 Nbd7 7. Nxc4 Qc7 8. Qd2 g6 9. f3 e5 10. dxe5 Nxe5 11. e4 Be6 12. Nxe5 Qxe5 13. Qf4 Bd6 14. Qxe5 Bxe5 15. Bd3 O-O-O 16. Ke2 Nh5 17. g3 Rhe8 18. Be3 Bxg3 19. hxg3 Nxg3+ 20. Kd2 Nxh1 21. Kc2 Bb3+ 22. Kxb3 Rxd3 23. Bxa7 Ng3 24. a5 Rxf3 25. a6 Nxe4 26. Bd4 bxa6 27. Rxa6 c5 28. Bg7 Kb7 0-1


[Site "https://www.chess.com"]

[Event "Titled Tuesday Blitz October 31 Early 2023"]
[White "Szpar, Milosz"]
[Black "Kozak, Antoni"]
[WhiteFideId "1184989"]
[BlackFideId "21832030"]
[WhiteElo "2717"]
[BlackElo "2830"]
[Result "1-0"]
[Round "9"]
[TimeControl "180+1"]
[Date "2023.10.31"]
[WhiteClock "0:00:02"]
[BlackClock "0:00:04"]
[Board "21"]

1. Nf3 Nf6 2. c4 c5 3. Nc3 d5 4. cxd5 Nxd5 5. e3 e6 6. Be2 Nc6 7. O-O Be7 8. Qc2 O-O 9. b3 b6 10. Bb2 Bb7 11. Rad1 Rc8 12. Qb1 Nf6 13. d4 cxd4 14. Nxd4 Qc7 15. Nf3 Rfd8 16. h3 h6 17. Rxd8+ Qxd8 18. Rd1 Qf8 19. Ne4 Rd8 20. Nxf6+ Bxf6 21. Bxf6 gxf6 22. Nd2 Ne5 23. Ne4 Bxe4 24. Qxe4 Rxd1+ 25. Bxd1 Qc5 26. Kh2 Qd6 27. f4 Nd7 28. Bf3 a5 29. h4 Nc5 30. Qc2 Kg7 31. a3 Nd7 32. Qb2 Kf8 33. b4 axb4 34. axb4 Ke7 35. Qc3 f5 36. Qg7 Qxb4 37. Qxh6 Qe1 38. Qg5+ f6 39. Qg3 Qxe3 40. h5 Nf8 41. Qg7+ Ke8 42. Bc6+ Kd8 43. Qxf8+ Kc7 44. Bf3 Qxf4+ 45. Kh3 Qg5 46. Qe7+ Kb8 47. Qb7# 1-0


[Site "https://www.chess.com"]

[Event "Titled Tuesday Blitz October 31 Early 2023"]
[White "Alexandre, Anne Shopie Elizabeth"]
[Black "Barrientos, Sergio E"]
[WhiteFideId "11902418"]
[BlackFideId "4401824"]
[WhiteElo "2829"]
[BlackElo "2712"]
[Result "1-0"]
[Round "9"]
[TimeControl "180+1"]
[Date "2023.10.31"]
[WhiteClock "0:00:07"]
[BlackClock "0:00:05"]
[Board "22"]

1. d4 Nf6 2. c4 g6 3. Nc3 Bg7 4. e4 O-O 5. h3 d6 6. Be3 c6 7. Nf3 a6 8. Be2 b5 9. Qc2 Nbd7 10. O-O bxc4 11. Bxc4 d5 12. Bd3 dxe4 13. Nxe4 Bb7 14. Nxf6+ Nxf6 15. Rfe1 Nd5 16. Bd2 a5 17. a3 Qb6 18. Bc4 Rfe8 19. Rad1 Ba6 20. Ba2 Rab8 21. Bc1 e6 22. Ne5 Rbc8 23. Nd7 Qa7 24. Nc5 Rcd8 25. h4 Ne7 26. Be3 Nf5 27. Qe4 Qb6 28. Rd2 Bc8 29. h5 Qc7 30. Bf4 Qe7 31. hxg6 hxg6 32. Be5 Qg5 33. Rdd1 Nh4 34. Bxg7 Kxg7 35. g3 Nf5 36. Qxc6 Rh8 37. Qe4 Qf6 38. Qe5 Nxd4 39. Qxf6+ Kxf6 40. Ne4+ Kg7 41. Rd3 Bb7 42. f4 f5 43. Nc5 Rh1+ 44. Kf2 Rh2+ 45. Kf1 Bc6 46. Rxd4 Rh1+ 47. Kf2 Rh2+ 48. Kf1 Rh1+ 49. Kf2 Rh2+ 50. Ke3 Rxd4 51. Nxe6+ Kf6 52. Nxd4 Be4 53. Ne2 g5 54. Rc1 g4 55. Rd1 Rg2 56. Rd6+ Kg7 57. Bc4 Bf3 58. Rd7+ Kf6 59. Rd2 a4 60. Rd6+ Ke7 61. Re6+ Kd7 62. Re5 Kd6 63. Bd3 Bxe2 64. Bxe2 Rxg3+ 65. Kd2 Rb3 66. Kc2 g3 67. Rxf5 Re3 68. Kd2 Rb3 69. Kc1 Re3 70. Bd1 Re1 71. Rg5 Rg1 72. Kd2 Ke6 73. Bg4+ Kf6 74. Bf3 Rb1 75. Rxg3 Rxb2+ 76. Kc1 Rb3 77. Rh3 Rxa3 78. Bg4 Ra1+ 79. Kb2 Rf1 80. f5 Rf4 81. Rg3 Kg5 82. Bh3+ Kh4 83. Rc3 Kg5 84. Ka3 Rh4 85. Rg3+ Kf6 86. Rg6+ Ke5 87. Bg4 Kf4 88. Kxa4 Ke5 89. Ka5 Rh7 90. Kb5 Rc7 91. Kb6 Rc2 92. Re6+ Kf4 93. Rg6 Ke5 94. Kb5 Rg2 95. Kb4 Rd2 96. Kc3 Rd4 97. Re6+ Kd5 98. Bf3+ Kc5 99. Rc6+ 1-0


[Site "https://www.chess.com"]

[Event "Titled Tuesday Blitz October 31 Early 2023"]
[White "BardArtem"]
[Black "Sattarov, Bobir"]
[BlackFideId "14203081"]
[WhiteElo "2710"]
[BlackElo "2815"]
[Result "1-0"]
[Round "9"]
[TimeControl "180+1"]
[Date "2023.10.31"]
[WhiteClock "0:00:16"]
[BlackClock "0:00:01"]
[Board "23"]

1. e4 e5 2. d4 exd4 3. Qxd4 Nc6 4. Qd3 Nf6 5. Nc3 Bb4 6. Bd2 d6 7. Nge2 O-O 8. O-O-O Ne5 9. Qg3 Nh5 10. Qg5 Qxg5 11. Bxg5 h6 12. Bd2 Be6 13. h3 Nc4 14. Be1 Bc5 15. Nd4 Ne5 16. g3 a6 17. Be2 Nf6 18. f4 Nc6 19. Nxe6 fxe6 20. Bc4 Rfe8 21. f5 Nd8 22. g4 Kh7 23. Bh4 exf5 24. exf5 Nc6 25. Bxf6 gxf6 26. Nd5 Rf8 27. Nxc7 Rac8 28. Ne6 Rfe8 29. h4 Ne5 30. Be2 Re7 31. g5 b5 32. gxf6 Rf7 33. Nxc5 dxc5 34. Rd6 Rc6 35. Rxc6 Nxc6 36. Rd1 Rxf6 37. Rd7+ Kh8 38. Bd3 Ne5 39. Rd5 Nxd3+ 40. cxd3 Rc6 41. Kd2 Kg7 42. Ke3 Kf6 43. Kf4 c4 44. d4 b4 45. Rc5 Rxc5 46. dxc5 b3 47. axb3 cxb3 48. c6 Ke7 49. f6+ Kd6 50. f7 1-0


[Site "https://www.chess.com"]

[Event "Titled Tuesday Blitz October 31 Early 2023"]
[White "Javakhadze, Zurab"]
[Black "Leiva, Gianmarco"]
[WhiteFideId "13603647"]
[BlackFideId "3804399"]
[WhiteElo "2800"]
[BlackElo "2691"]
[Result "1-0"]
[Round "9"]
[TimeControl "180+1"]
[Date "2023.10.31"]
[WhiteClock "0:00:39"]
[BlackClock "0:00:05"]
[Board "24"]

1. Nf3 d5 2. g3 c5 3. Bg2 Nf6 4. O-O g6 5. d4 Bg7 6. c4 O-O 7. cxd5 Nxd5 8. dxc5 Nc6 9. a3 Bf5 10. Nbd2 Nc7 11. Nc4 Qc8 12. Bd2 Na6 13. Be3 Nd8 14. Rc1 Bh3 15. b4 Bxg2 16. Kxg2 Ne6 17. Qd5 Rd8 18. Qe4 Nac7 19. Rfd1 Rb8 20. Na5 Nb5 21. Rxd8+ Qxd8 22. Nxb7 Qc8 23. c6 Nc3 24. Rxc3 Bxc3 25. b5 Ra8 26. Ng5 Bf6 27. Nxe6 fxe6 28. Nc5 Kf7 29. a4 h5 30. a5 h4 31. b6 h3+ 32. Kxh3 axb6 33. axb6 Ra2 34. b7 Qc7 35. Qxe6+ Kg7 36. Qxa2 Qxg3+ 1-0


[Site "https://www.chess.com"]

[Event "Titled Tuesday Blitz October 31 Early 2023"]
[White "Hambleton, Aman"]
[Black "Amilal Munkhdalai"]
[WhiteFideId "2606577"]
[BlackFideId "4903250"]
[WhiteElo "2797"]
[BlackElo "2688"]
[Result "1-0"]
[Round "9"]
[TimeControl "180+1"]
[Date "2023.10.31"]
[WhiteClock "0:00:45"]
[BlackClock "0:02:03"]
[Board "25"]

1. d4 Nf6 2. Bf4 d5 3. e3 c5 4. c3 Nc6 5. Nd2 Bf5 6. Qb3 Qd7 7. Ngf3 c4 8. Qd1 b5 9. Be2 e6 10. O-O h6 11. b3 Ba3 12. bxc4 bxc4 13. Ne5 Nxe5 14. dxe5 Ne4 15. Nxe4 Bxe4 16. Bf3 Bd3 17. Be2 Bb2 18. Bxd3 Bxa1 19. Bc2 Bxc3 20. Ba4 1-0


[Site "https://www.chess.com"]

[Event "Titled Tuesday Blitz October 31 Early 2023"]
[White "Komov, Roman"]
[Black "Kleiman, Jake"]
[WhiteFideId "24175714"]
[BlackFideId "2020041"]
[WhiteElo "2785"]
[BlackElo "2691"]
[Result "1-0"]
[Round "9"]
[TimeControl "180+1"]
[Date "2023.10.31"]
[WhiteClock "0:00:47"]
[BlackClock "0:00:00"]
[Board "26"]

1. e4 e5 2. Nf3 Nc6 3. Bc4 Bc5 4. c3 Nf6 5. d3 O-O 6. O-O d5 7. exd5 Nxd5 8. a4 a6 9. a5 Nf6 10. Nbd2 h6 11. h3 Bf5 12. Nb3 Ba7 13. Be3 Qd6 14. Bxa7 Rxa7 15. d4 e4 16. Nfd2 Qf4 17. Qe2 Raa8 18. Qe3 Qh4 19. Nc5 Rab8 20. b4 Rfe8 21. Rae1 Re7 22. f3 exf3 23. Nxf3 Qh5 24. Qf4 Rbe8 25. Nxb7 Rxe1 26. Rxe1 Rxe1+ 27. Nxe1 Qd1 28. Qe3 Ne4 29. Nc5 Nxc5 30. dxc5 Kh7 31. Bxa6 Bg6 32. Bd3 f5 33. a6 Qa1 34. b5 Nd8 35. Qd2 Ne6 36. c6 Nc5 37. Bc2 Qa5 38. Qd4 Ne6 39. Qc4 Ng5 40. Bb3 1-0


[Site "https://www.chess.com"]

[Event "Titled Tuesday Blitz October 31 Early 2023"]
[White "Danielyan, Vahe"]
[Black "Prestia, Paris"]
[WhiteFideId "13304828"]
[BlackFideId "30925959"]
[WhiteElo "2756"]
[BlackElo "2631"]
[Result "1-0"]
[Round "9"]
[TimeControl "180+1"]
[Date "2023.10.31"]
[WhiteClock "0:01:02"]
[BlackClock "0:00:16"]
[Board "27"]

1. e4 c5 2. Nc3 Nc6 3. Bb5 Nd4 4. Bc4 e6 5. Nge2 Nf6 6. O-O a6 7. a4 Qc7 8. d3 Be7 9. Ba2 d6 10. Nxd4 cxd4 11. Ne2 e5 12. Ng3 h5 13. f4 Bg4 14. Qd2 Rc8 15. Bb3 h4 16. Nf5 Bxf5 17. exf5 Ng4 18. Qe2 Nh6 19. Qe4 Bf6 20. h3 Qd7 21. fxe5 dxe5 22. Bd2 Ng8 23. a5 Ne7 24. Bb4 Nc6 25. Bc5 Be7 26. Bxe7 Qxe7 27. f6 gxf6 28. Qg4 Rc7 29. Qg7 Qf8 30. Qxf6 Rh6 31. Qg5 f6 32. Qg4 Kd8 33. Rf2 Rg7 34. Qe6 Qe7 35. Qd5+ Qd7 36. Qc5 Qe7 37. Qc4 Rhg6 38. Raf1 Qd7 39. Qd5 Qxd5 40. Bxd5 Ke7 41. b4 Nxb4 42. Be4 Rh6 43. Rb1 Na2 44. Rxb7+ Kf8 45. Rb6 Nc3 46. Rbxf6+ Rxf6 47. Rxf6+ Ke7 48. Rxa6 Nxe4 49. Ra7+ Kf6 50. Rxg7 Kxg7 51. dxe4 1-0


[Site "https://www.chess.com"]

[Event "Titled Tuesday Blitz October 31 Early 2023"]
[White "Shapiro, Viktor"]
[Black "Hamitevici, Vladimir"]
[WhiteFideId "4175700"]
[BlackFideId "13902393"]
[WhiteElo "2538"]
[BlackElo "2750"]
[Result "1-0"]
[Round "9"]
[TimeControl "180+1"]
[Date "2023.10.31"]
[WhiteClock "0:00:18"]
[BlackClock "0:00:03"]
[Board "28"]

1. c4 d6 2. Nc3 e5 3. Nf3 f5 4. d3 Be7 5. g3 Nf6 6. Bg2 O-O 7. Rb1 Qe8 8. b4 a6 9. a4 h6 10. b5 Nbd7 11. Ba3 axb5 12. Nxb5 Bd8 13. O-O Kh8 14. Bb4 Nb8 15. Bxd6 cxd6 16. Nxd6 Qe6 17. Nxc8 Qxc8 18. Nxe5 Nc6 19. Ng6+ Kg8 20. Nxf8 Kxf8 21. e3 Na5 22. Rb5 Qd7 23. Qc2 Rc8 24. Rfb1 b6 25. Bh3 g6 26. e4 Kg7 27. exf5 g5 28. Bg2 Nc6 29. Bxc6 Rxc6 30. Qc3 Rd6 31. R1b3 Kf7 32. a5 bxa5 33. Rb7 Bc7 34. c5 Rc6 35. Qc4+ Qd5 36. R3b6 Qxc4 37. dxc4 Rxc5 38. Ra6 g4 39. Raa7 Ne8 40. Rb5 Rxc4 41. Rbxa5 Nd6 42. Rd5 Ke7 43. Re5+ Kd7 44. f6 Rc3 45. Re7+ Kd8 46. Rh7 Bb6 47. Rh8+ Ne8 48. Re7 Rf3 49. Rhxe8# 1-0


[Site "https://www.chess.com"]

[Event "Titled Tuesday Blitz October 31 Early 2023"]
[White "Manukyan, Sargis A."]
[Black "Baskakov, Egor"]
[WhiteFideId "13303970"]
[BlackFideId "24197866"]
[WhiteElo "2615"]
[BlackElo "2908"]
[Result "0-1"]
[Round "9"]
[TimeControl "180+1"]
[Date "2023.10.31"]
[WhiteClock "0:00:07"]
[BlackClock "0:00:23"]
[Board "29"]

1. d4 Nf6 2. c4 e6 3. Nc3 d5 4. cxd5 Nxd5 5. Bg5 Qxg5 6. Nf3 Qd8 7. e4 Nxc3 8. bxc3 c5 9. Bd3 cxd4 10. cxd4 Bb4+ 11. Kf1 Be7 12. h4 h6 13. Rb1 b6 14. Rb3 Ba6 15. Ne5 Bxd3+ 16. Rxd3 O-O 17. Rg3 Bf6 18. Ng4 Qxd4 19. Qf3 Nd7 20. Nxh6+ Kh7 21. Ng4 Qa1+ 22. Ke2 Qxa2+ 23. Kf1 Qb1+ 24. Ke2 Qxh1 25. e5 Rad8 26. Qe4+ g6 27. exf6 Nc5 28. Ne3 Nxe4 29. Rg5 Nc3+ 30. Kf3 Qxh4 31. g4 Qxg5 32. Nf5 exf5 33. Kg2 fxg4 34. f4 gxf3+ 35. Kf1 Qc1+ 36. Kf2 Nd1+ 37. Kg3 Qg5+ 38. Kh2 Rh8 39. Kh1 Nf2+ 40. Kh2 Qg2# 0-1


[Site "https://www.chess.com"]

[Event "Titled Tuesday Blitz October 31 Early 2023"]
[White "Dragun, Kamil"]
[Black "Preotu, Razvan"]
[WhiteFideId "1134167"]
[BlackFideId "2613280"]
[WhiteElo "2826"]
[BlackElo "2696"]
[Result "0-1"]
[Round "9"]
[TimeControl "180+1"]
[Date "2023.10.31"]
[WhiteClock "0:01:04"]
[BlackClock "0:00:05"]
[Board "30"]

1. d4 Nf6 2. c4 g6 3. Nc3 d5 4. cxd5 Nxd5 5. e4 Nxc3 6. bxc3 Bg7 7. Bc4 c5 8. Ne2 Nc6 9. Be3 O-O 10. O-O b6 11. dxc5 Qc7 12. f4 bxc5 13. e5 Na5 14. Bd5 Rb8 15. Qa4 Ba6 16. Rf2 Rfd8 17. Bf3 Rd3 18. Qe4 Rbd8 19. f5 Bb7 20. Qf4 Bxe5 21. Qh6 Rd1+ 22. Rxd1 Rxd1+ 23. Rf1 Rxf1+ 24. Kxf1 Bxf3 25. gxf3 Nc4 26. Bf2 Qd6 27. Kg2 Qd3 28. Ng3 Qxc3 29. fxg6 hxg6 30. Qg5 Bd6 31. Nf5 Qe5 32. Nh6+ Kg7 33. Qh4 Ne3+ 34. Kg1 Qa1+ 35. Be1 Nc2 0-1


[Site "https://www.chess.com"]

[Event "Titled Tuesday Blitz October 31 Early 2023"]
[White "Hayrapetyan, Hovik"]
[Black "Mndapoetzz04"]
[WhiteFideId "13302639"]
[WhiteElo "2778"]
[BlackElo "2691"]
[Result "0-1"]
[Round "9"]
[TimeControl "180+1"]
[Date "2023.10.31"]
[WhiteClock "0:00:00"]
[BlackClock "0:00:03"]
[Board "31"]

1. d4 Nf6 2. c4 g6 3. Nc3 d5 4. cxd5 Nxd5 5. e4 Nxc3 6. bxc3 Bg7 7. Nf3 c5 8. Rb1 O-O 9. Be2 b6 10. O-O Bb7 11. d5 Bxc3 12. Rb3 Bg7 13. h4 e6 14. h5 exd5 15. hxg6 hxg6 16. Ng5 Nc6 17. Rh3 Nd4 18. Be3 Qd7 19. Bg4 Qe7 20. g3 dxe4 21. Kg2 Rad8 22. Rfh1 Nf3 23. Rh8+ Bxh8 24. Rxh8+ Kxh8 25. Qa1+ Rd4 26. Qh1+ Kg7 27. Qh7+ Kf6 28. Qh6 Ke5 29. Nh7 f5 30. Qf4+ Ke6 31. Nxf8+ Qxf8 32. Bxd4 cxd4 33. Bxf3 exf3+ 34. Kg1 Qd6 35. Qg5 Kd5 36. Qd2 Qe6 37. Qd1 Qe2 38. Qb3+ Kd6 39. Qb4+ Kc7 40. Qe7+ Qxe7 0-1


[Site "https://www.chess.com"]

[Event "Titled Tuesday Blitz October 31 Early 2023"]
[White "Rosen, Eric"]
[Black "Mekhitarian, Krikor Sevag"]
[WhiteFideId "2032562"]
[BlackFideId "2107660"]
[WhiteElo "2685"]
[BlackElo "2759"]
[Result "0-1"]
[Round "9"]
[TimeControl "180+1"]
[Date "2023.10.31"]
[WhiteClock "0:00:00"]
[BlackClock "0:00:08"]
[Board "32"]

1. e4 e6 2. f4 d5 3. e5 c5 4. Nf3 Nc6 5. c3 d4 6. Na3 Nh6 7. Bd3 Be7 8. O-O b6 9. Be4 Bb7 10. d3 dxc3 11. bxc3 Qd7 12. Qe2 Rd8 13. Nc4 O-O 14. a4 Kh8 15. Be3 f5 16. exf6 gxf6 17. Bf2 Rg8 18. h3 Nf5 19. g4 h5 20. g5 fxg5 21. Nfe5 Qe8 22. Nxc6 Bxc6 23. Bxc6 Qxc6 24. Qxh5+ Kg7 25. fxg5 Rh8 26. Qg4 Rxd3 27. Ne5 Qd5 28. Nxd3 Qxd3 29. h4 Qxc3 30. Rae1 Kf7 31. Bg3 Qd4+ 32. Qxd4 cxd4 33. Be5 Rxh4 34. g6+ Kxg6 35. Rf2 Kf7 36. Rd1 Bg5 37. Bxd4 Kg6 38. Rg2 Rxd4 39. Re1 Kf6 40. Rf2 Bf4 41. Kg2 e5 42. Rfe2 Rd3 43. Rf1 Ne3+ 44. Kf2 Nxf1 45. Kxf1 Rf3+ 46. Ke1 Ra3 47. Re4 Ra1+ 48. Ke2 Ra3 49. Rb4 Kf5 50. Rb5 Ke4 51. Rb4+ Kd5 52. Kd1 Kc5 53. Re4 a5 54. Kc2 Re3 55. Rxe3 Bxe3 56. Kd3 Bd4 0-1


[Site "https://www.chess.com"]

[Event "Titled Tuesday Blitz October 31 Early 2023"]
[White "Yen, William"]
[Black "Srihari L R"]
[WhiteFideId "30932025"]
[BlackFideId "46617116"]
[WhiteElo "2678"]
[BlackElo "2749"]
[Result "0-1"]
[Round "9"]
[TimeControl "180+1"]
[Date "2023.10.31"]
[WhiteClock "0:00:14"]
[BlackClock "0:00:06"]
[Board "33"]

1. e4 c5 2. Nf3 e6 3. c3 Nf6 4. e5 Nd5 5. d4 cxd4 6. cxd4 d6 7. a3 Nc6 8. Bd3 Be7 9. O-O O-O 10. Qc2 h6 11. Qe2 dxe5 12. dxe5 f5 13. exf6 Nxf6 14. Nc3 a6 15. Rd1 Qe8 16. Be3 Qh5 17. Rac1 Nd5 18. Ne4 Bd7 19. Bb1 Rad8 20. Ng3 Qf7 21. h4 Bd6 22. Ne4 Bf4 23. Nc5 Bxe3 24. fxe3 Bc8 25. Rf1 Qe7 26. g3 e5 27. e4 Nf6 28. Ba2+ Kh8 29. h5 Bh3 30. Nh4 Bxf1 31. Ng6+ Kh7 32. Qf3 Nd4 33. Qxf1 Qd6 34. b4 Nxh5 35. Nxf8+ Rxf8 36. Qd1 Qg6 37. g4 Nf3+ 38. Kf2 Qxg4 39. Ne6 Qg3+ 40. Ke2 Nd4+ 41. Kd2 Rf2+ 0-1


[Site "https://www.chess.com"]

[Event "Titled Tuesday Blitz October 31 Early 2023"]
[White "Fier, Alexandr"]
[Black "Ozates, Tuna"]
[WhiteFideId "2107139"]
[BlackFideId "6354521"]
[WhiteElo "2741"]
[BlackElo "2678"]
[Result "1-0"]
[Round "9"]
[TimeControl "180+1"]
[Date "2023.10.31"]
[WhiteClock "0:01:54"]
[BlackClock "0:00:13"]
[Board "34"]

1. e4 e5 2. f4 exf4 3. Nf3 d5 4. exd5 Nf6 5. Bc4 c6 6. dxc6 Nxc6 7. d4 Bd6 8. O-O O-O 9. c3 Bg4 10. Nbd2 h6 11. Bd3 Re8 12. Nc4 Bc7 13. Bd2 b5 14. Na3 a6 15. Nc2 Qd7 16. a4 Na5 17. axb5 axb5 18. Nb4 Nc4 19. Rxa8 Rxa8 20. Bxc4 bxc4 21. Qe2 Re8 22. Qxc4 Bb6 23. Qc6 Qxc6 24. Nxc6 Re2 25. Rf2 Bxf3 26. gxf3 Re6 27. Ne5 g5 28. Nc4 Ba7 29. Kf1 Nd5 30. Re2 Ra6 31. Re5 Ra1+ 32. Ke2 Nf6 33. Ra5 Rxa5 34. Nxa5 Kg7 35. Nc6 Bb6 36. c4 Kg6 37. c5 Bc7 38. b4 Nd5 39. b5 f5 40. b6 Nxb6 41. cxb6 Bxb6 42. d5 Bc7 43. Bb4 g4 44. d6 Bxd6 45. Bxd6 Kg5 46. Kf2 Kh4 47. Kg2 gxf3+ 48. Kxf3 Kh3 49. Bxf4 h5 50. Kf2 h4 51. Kg1 Kg4 52. Bb8 Kh3 53. Ne7 Kg4 54. Nd5 Kh3 55. Nf6 f4 56. Ne4 f3 57. Nf2# 1-0


[Site "https://www.chess.com"]

[Event "Titled Tuesday Blitz October 31 Early 2023"]
[White "NovozhilovSemen"]
[Black "Sadykov, Ramil"]
[BlackFideId "24113590"]
[WhiteElo "2741"]
[BlackElo "2668"]
[Result "0-1"]
[Round "9"]
[TimeControl "180+1"]
[Date "2023.10.31"]
[WhiteClock "0:00:08"]
[BlackClock "0:00:20"]
[Board "35"]

1. d4 d5 2. c4 e6 3. Nf3 Nf6 4. g3 Bb4+ 5. Bd2 Be7 6. Bg2 O-O 7. O-O Nbd7 8. Qc2 c6 9. Rd1 Ne4 10. Bf4 Bd6 11. Ne5 f5 12. f3 Nxe5 13. dxe5 Bc5+ 14. e3 g5 15. fxe4 gxf4 16. cxd5 Bxe3+ 17. Kh1 fxg3 18. exf5 Qh4 19. h3 exd5 20. e6 Qf4 21. Re1 Bf2 22. Re2 Rxf5 23. Nc3 Rh5 24. Qd1 Rxh3+ 25. Bxh3 Qf3+ 26. Bg2 Qh5+ 0-1


[Site "https://www.chess.com"]

[Event "Titled Tuesday Blitz October 31 Early 2023"]
[White "Goltsev, Dmitry"]
[Black "Kislinsky, Alexey"]
[WhiteFideId "24176710"]
[BlackFideId "14108801"]
[WhiteElo "2666"]
[BlackElo "2736"]
[Result "1/2-1/2"]
[Round "9"]
[TimeControl "180+1"]
[Date "2023.10.31"]
[WhiteClock "0:00:48"]
[BlackClock "0:00:06"]
[Board "36"]

1. e4 c5 2. Nf3 Nc6 3. d4 cxd4 4. Nxd4 g6 5. Nxc6 bxc6 6. Qd4 Nf6 7. e5 Nd5 8. Nc3 Nxc3 9. bxc3 Bg7 10. Bc4 O-O 11. O-O d5 12. Bd3 Qb6 13. Be3 Qxd4 14. cxd4 Bf5 15. Bxf5 gxf5 16. Rab1 Rfb8 17. f4 e6 18. Kf2 Kf8 19. Ke2 Ke7 20. Kd3 Kd7 21. c4 Bf8 22. c5 Be7 23. Bf2 h5 24. Rfc1 a6 25. a4 Bd8 26. Be1 Kc8 27. Kc2 Bc7 28. Rxb8+ Rxb8 29. Rb1 Rxb1 30. Kxb1 Kd7 31. Kc2 f6 32. Kd3 fxe5 33. fxe5 Ke7 34. Ke3 Kf7 35. Kf3 Bd8 36. Bd2 Kg6 37. g3 h4 38. g4 Bg5 39. Bf4 Bd8 40. Bd2 Bg5 41. Bf4 Bd8 42. Bd2 1/2-1/2


[Site "https://www.chess.com"]

[Event "Titled Tuesday Blitz October 31 Early 2023"]
[White "Bao, Qilin"]
[Black "Weetik, Vjacheslav"]
[WhiteFideId "8605750"]
[BlackFideId "4153472"]
[WhiteElo "2656"]
[BlackElo "2735"]
[Result "1-0"]
[Round "9"]
[TimeControl "180+1"]
[Date "2023.10.31"]
[WhiteClock "0:00:06"]
[BlackClock "0:00:00"]
[Board "37"]

1. Nf3 Nf6 2. g3 d5 3. Bg2 Bf5 4. O-O e6 5. b3 h6 6. Bb2 Be7 7. d3 O-O 8. Nbd2 Nbd7 9. c4 c6 10. a3 a5 11. Ra2 Re8 12. Qa1 Bd6 13. e4 dxe4 14. dxe4 Nxe4 15. Bxg7 e5 16. Bxh6 Qf6 17. Be3 Ndc5 18. b4 Ne6 19. c5 Bc7 20. Nh4 Nxd2 21. Rxd2 axb4 22. Qd1 bxa3 23. Qf3 Ng7 24. Nxf5 Qxf5 25. Qe2 e4 26. Bd4 Be5 27. Bxe4 Bxd4 28. Rxd4 a2 29. Ra1 Qe5 30. Qd1 Ne6 31. Rb4 Nxc5 32. Bc2 Qc3 33. Rg4+ Kf8 34. Qd6+ Re7 35. Qh6+ Ke8 36. Rg8+ Kd7 37. Bf5+ Kc7 38. Qf4+ Kb6 39. Rxa8 Qxa1+ 40. Kg2 Qb2 41. Qd6 Qe5 42. Qd8+ Qc7 43. Qxc7+ Kxc7 44. Rxa2 b5 45. Rc2 Kb6 46. h4 f6 47. h5 Nb7 48. h6 Nd6 49. h7 Re8 50. Bg6 Rh8 51. Rd2 Nc4 52. Rd7 b4 53. Rg7 Ne5 54. Bf5 c5 55. Rg8 Rxh7 56. Bxh7 c4 57. Rc8 b3 58. g4 Kb5 59. Kg3 Kb4 60. f4 Nd7 61. Bf5 Nc5 62. Rb8+ Kc3 63. g5 fxg5 64. fxg5 Kd4 65. g6 Ne4+ 66. Bxe4 1-0


[Site "https://www.chess.com"]

[Event "Titled Tuesday Blitz October 31 Early 2023"]
[White "Karthik Rajaa"]
[Black "Nurmanova, Alua"]
[WhiteFideId "25035215"]
[BlackFideId "13729390"]
[WhiteElo "2727"]
[BlackElo "2644"]
[Result "1/2-1/2"]
[Round "9"]
[TimeControl "180+1"]
[Date "2023.10.31"]
[WhiteClock "0:00:17"]
[BlackClock "0:00:22"]
[Board "38"]

1. Nf3 Nf6 2. c4 g6 3. Nc3 Bg7 4. g3 O-O 5. Bg2 d5 6. cxd5 Nxd5 7. h4 h5 8. Ng5 Nb6 9. d3 Nc6 10. Bd2 Bg4 11. Bf3 Bxf3 12. Nxf3 e5 13. Ng5 Nd4 14. Rc1 Qd7 15. Nce4 c6 16. Nc5 Qe7 17. e3 Nb5 18. g4 hxg4 19. Qxg4 Nd5 20. Nce4 f5 21. Qg2 fxe4 22. Nxe4 Qf7 23. Rg1 Rad8 24. Ng5 Qf6 25. Ne4 Qf5 26. Nc5 Ne7 27. a4 Nd6 28. e4 Qf7 29. h5 b6 30. hxg6 Nxg6 31. Qxg6 Qxg6 32. Rxg6 bxc5 33. Rxc5 Ne8 34. Bc3 Kh7 35. Rg3 Rd7 36. Rxc6 Nd6 37. Ke2 Rfd8 38. Rc5 Nf7 39. Rc6 Bh6 40. Rh3 Kg7 41. Rg3+ Kf8 42. Rf6 Ke7 43. Rf5 Bf4 44. Rg7 Ke6 45. Rg6+ Ke7 46. Bb4+ Nd6 47. Rg7+ Ke6 48. Rg6+ Ke7 49. Rff6 a5 50. Re6+ Kf7 51. Bxd6 Rb7 52. Ref6+ Ke8 53. Rf8+ Kd7 54. Rg7+ Kc6 55. Rxb7 Rxf8 56. Rc7+ Kxd6 57. Ra7 Rb8 58. Rxa5 Rxb2+ 59. Kf3 Rb3 60. Rd5+ Ke6 61. a5 Ra3 62. Kg4 Ra2 63. Kf3 Bd2 64. d4 exd4 65. Rxd4 Bxa5 66. Rd5 Bc7 67. Rf5 Bb6 68. Kg3 Re2 69. f3 Bc7+ 70. Kg4 Rg2+ 71. Kh4 Rh2+ 72. Kg4 Rg2+ 73. Kh3 Rh2+ 74. Kg4 Rg2+ 1/2-1/2


[Site "https://www.chess.com"]

[Event "Titled Tuesday Blitz October 31 Early 2023"]
[White "Hua, Lefong"]
[Black "Skliarov, Viktor"]
[WhiteFideId "2602253"]
[BlackFideId "14106736"]
[WhiteElo "2726"]
[BlackElo "2637"]
[Result "0-1"]
[Round "9"]
[TimeControl "180+1"]
[Date "2023.10.31"]
[WhiteClock "0:00:20"]
[BlackClock "0:00:09"]
[Board "39"]

1. d4 Nf6 2. c4 e6 3. Nc3 Bb4 4. f3 c5 5. a3 Bxc3+ 6. bxc3 d6 7. e4 Nc6 8. Be3 b6 9. Bd3 e5 10. Ne2 O-O 11. O-O Ba6 12. d5 Na5 13. f4 exf4 14. Bxf4 Ne8 15. Ng3 Bxc4 16. Nf5 g6 17. Bh6 gxf5 18. Rxf5 f6 19. Bxc4 Nxc4 20. Qg4+ Kh8 21. Bxf8 Ne3 22. Qh4 Nxf5 23. exf5 Qd7 24. Qh5 Nc7 25. Qh6 Kg8 26. Bxd6 Qxd6 27. c4 Re8 28. Rf1 Qe5 29. Qh5 Qe3+ 30. Kh1 Qe2 31. Qxe2 Rxe2 32. d6 Na6 33. h4 Rd2 34. Re1 Rxd6 35. Re7 Nb8 36. Rxa7 Nc6 37. Rb7 Ne5 38. Kh2 h5 39. Kg3 Ng4 40. a4 Rd3+ 41. Kf4 Rd4+ 42. Kg3 Rxc4 43. Rxb6 Rxa4 44. Rc6 Rc4 45. Rc7 Rc2 46. Kf3 c4 47. g3 c3 48. Ke4 Rc1 49. Kd3 Ne5+ 50. Ke2 c2 51. Kd2 Rg1 52. Kxc2 Rxg3 53. Kd2 Nf3+ 54. Ke3 Nxh4+ 55. Kf2 Rg4 56. Ke3 Nxf5+ 57. Kf3 Nh4+ 58. Kf2 Ng6 59. Kf3 Ne5+ 60. Kf2 Rg7 61. Rc8+ Kh7 62. Ra8 Kg6 63. Ra5 Kf5 64. Ke3 h4 65. Ra8 Rh7 66. Kf2 h3 67. Kg1 Ke4 68. Kh1 f5 69. Ra4+ Ke3 70. Ra3+ Nd3 71. Ra8 f4 72. Re8+ Kf2 73. Rd8 Ne1 74. Rf8 f3 75. Rf7 Rxf7 0-1


[Site "https://www.chess.com"]

[Event "Titled Tuesday Blitz October 31 Early 2023"]
[White "kushbhagat2009"]
[Black "Maximov, Dmitry"]
[BlackFideId "14105659"]
[WhiteElo "2637"]
[BlackElo "2723"]
[Result "0-1"]
[Round "9"]
[TimeControl "180+1"]
[Date "2023.10.31"]
[WhiteClock "0:00:58"]
[BlackClock "0:01:26"]
[Board "40"]

1. d4 Nf6 2. c4 g6 3. Nc3 Bg7 4. e4 O-O 5. Be2 d6 6. Be3 e5 7. d5 a5 8. g4 Na6 9. h4 Nc5 10. f3 c6 11. h5 cxd5 12. cxd5 b6 13. Qd2 Bd7 14. Bh6 Qe7 15. Bxg7 Kxg7 16. hxg6 fxg6 17. Qh6+ Kg8 18. Nh3 Qg7 19. Qe3 Rac8 20. Ng5 Qe7 21. O-O-O b5 22. Kb1 b4 23. Nb5 a4 24. Rh2 a3 25. Rdh1 axb2 26. Nxh7 Nxh7 27. Rxh7 Qxh7 28. Rxh7 Kxh7 29. Nxd6 Na4 30. Bc4 Nc3+ 0-1


[Site "https://www.chess.com"]